[Event "*** Titled Tuesday 3|2 Blitz"]
[Site "Chess.com"]
[Date "2015.02.24"]
[Round "9"]
[White "tac49"]
[Black "wonderfultime"]
[Result "1/2-1/2"]
[WhiteElo "2408"]
[BlackElo "2547"]
[TimeControl "180+2"]
[EndTime "13:03:19 PST"]
[Termination "Game drawn by agreement"]

1. e4 c5 2. Nf3 Nc6 3. d4 cxd4 4.
Nxd4 e5 5. Nb5 d6 6. g3 Be7 7.
Bg2 a6 8. N5a3 Nf6 9. O-O O-O 10. Nc4 b5 11. Ne3 Bb7 12. Nc3 Re8 13. Ncd5 Nxd5 14.
Nxd5 Rc8 15. c3 Bf8 16. a4 Ne7 17. Nxe7+ Bxe7 18. axb5 axb5 19. Be3 Bc6 20. Qd3 Ra8 21. Rfd1 Qc7 22. h4 Qb7 23. b4 h6 24. c4 Rec8 25.
Rxa8 Rxa8 26. Rc1 Ra4 27. c5 dxc5 28. Bxc5 Bxc5 29. Rxc5 Rxb4 30. Qd6 Rc4 31. Rxe5 Rc1+ 32. Kh2 Qa7 33. Rf5 Qd7 34. Qxd7 Bxd7 35. Rd5 Bc6 36. Rd8+ Kh7 37. Rc8 Rc4 38. Rb8 b4 39. e5 Bxg2 40.
Kxg2 Kg6 41. Rb7 h5 42. f4 Rc2+ 43. Kh3 Rb2 44. Rb6+ Kf5 45. Rb7 Ke6 46. Rb6+ Kf5 47. Rb7 Kg6 48. Rb6+ f6 49. exf6 gxf6 50. Rb5 b3 51. f5+ Kh6 52. Rb6 Kg7 53. Rb7+ Kf8 54. Rb6 Ke7 55. Rb7+ Kd6 56. g4 hxg4+ 57. Kxg4 Rb1 58.
Kg3 b2 59. Kg2 Ke5 60. h5 Kxf5 61. h6 Rc1 62. h7 Rc8 63. Rxb2 Rh8 64. Rb7 Kg6 65.
Kf3 Rxh7 66. Rxh7 Kxh7 67. Kf4 Kg7 68. Kf5 Kf7 69. Kf4 Ke6 70. Ke4 Kd6 71. Kf5 Ke7 72. Kf4 Ke6 73. Ke4 Kf7 74. Kf5 Kg7 75. Kf4 Kf7 76. Kf5 Kg7 77. Kf4 Kg6 78. Kg4 f5+ 79. Kf4 Kf6 80. Kf3 Kg5 81. Kg3 Kh5 82. Kf4 Kg6 83. Kf3 Kg5 84. Kg3 f4+ 85. Kf3 Kf5 86.
Kf2 Ke4 87. Ke2 Kd4 88. Kf3 Ke5 89. Kf2 Kf5 90. Kf3 Kg5 91. Kf2 Kg4 92. Kg2 f3+ 93. Kf2 Kf4 94. Kf1 Ke4 95. Kf2 Kf4 96. Kf1 Ke5 97.
Kf2 Ke4 98. Kf1 1/2-1/2